 Dungeon Sprint DCSS version 0.30.0-20-g3b4254fcbd (webtiles) character file.

Game seed: 8446335264213805143

618 hikkokomori the Cleaver (level 7, -1/115 HPs)
             Began as a Minotaur Berserker on June 2, 2023.
             Was a Believer of Trog.
             Asphyxiated
             ... in the Dungeon (Sprint I: "Red Sonja").
             The game lasted 00:01:59 (640 turns).

hikkokomori the Cleaver (Minotaur Berserker)         Turns: 640, Time: 00:01:59

Health: -1/115     AC:  2    Str: 21    XL:     7   Next: 21%
Magic:  6/6        EV: 14    Int:  4    God:    Trog [**....]
Gold:   297        SH:  0    Dex: 12    Spells: 6/6 levels left

rFire   . . .        a - +0 hand axe
rCold   . . .        (no shield)
rNeg    . . .        b - +0 animal skin
rPois   .            (helmet restricted)
rElec   .            (no cloak)
rCorr   .            (no gloves)
SInv    .            (no boots)
Will    .....        (no amulet) Stlth
                     (no ring)
HPRegen 0.39/turn    (no ring)
MPRegen 0.10/turn

%: no teleportation
@: berserking, lethally poisoned (-1 -> -60), slowed
A: horns 2, retaliatory headbutt
a: Renounce Religion, Berserk, Trog's Hand


You were in the Dungeon.
You worshipped Trog.
Trog was pleased with you.
You visited 1 branch You collected 297 gold pieces.

Inventory:

Hand Weapons
 a - a +0 hand axe (weapon)
Armour
 b - a +0 animal skin (worn)
Wands
 i - a wand of flame (23)
Scrolls
 h - a scroll of blinking
Potions
 c - a potion of curing
 d - a potion of heal wounds
 e - a potion of haste
 f - 2 potions of magic
 g - a potion of berserk rage
 j - a potion of flight {unknown}
 k - a potion of attraction {unknown}


   Skills:
 + Level 12.0 Fighting
 + Level 12.3 Axes
 + Level 6.3 Armour
 + Level 6.3 Dodging


You had 6 spell levels left.
You didn't know any spells.
Your spell library was empty.

Dungeon Overview and Level Annotations

Branches:
Dungeon (1/1)

Altars:
Cheibriados
Dithmenos
Elyvilon
Fedhas
Gozag
Hepliaklqana
Kikubaaqudgha
Makhleb
Nemelex Xobeh
Okawaru
Qazlal
Ru
Sif Muna
Trog
Uskayaw
Vehumet
Wu Jian
Xom
Yredelemnul
Zin
The Shining One
Jiyva
Lugonu

Shops:
D *

Annotations:
D Sonja


Innate Abilities, Weirdness & Mutations

You have a pair of horns on your head.
You reflexively headbutt those who attack you in melee.


Message History

You miss Sonja. Your headbutt misses Sonja.
Sonja is severely wounded.
You feel very sick. Sonja barely misses you.
Sonja hits you with a +1 dagger of venom!
You are more poisoned.
Sonja closely misses you.
Sonja hits you with a +1 dagger of venom!
You are more poisoned.
Sonja hits you with a +1 dagger of venom.
You are more poisoned.
Sonja completely misses you.
Unknown command.
You hit Sonja. Your headbutt misses Sonja.
Sonja is severely wounded.
You feel extremely sick. Sonja closely misses you. Sonja barely misses you.
Sonja hits you with a +1 dagger of venom.
You are more poisoned.
You closely miss Sonja.
Sonja is severely wounded.
You feel extremely sick.
Sonja hits you with a +1 dagger of venom.
You are more poisoned.
Sonja hits you with a +1 dagger of venom.
You are lethally poisoned!
Sonja hits you with a +1 dagger of venom!
* * * LOW HITPOINT WARNING * * *
You are more poisoned.
A red film seems to cover your vision as you go berserk!
You feel yourself moving faster!
You feel mighty!
Your skin stops crawling.
You feel less strong-willed.
* * * LOW HITPOINT WARNING * * *
You feel extremely sick.
Sonja casts a spell.
Sonja blinks!
Sonja throws a curare-tipped dart.
The curare-tipped dart hits you.
You are more poisoned.
You have difficulty breathing.
You die...

#<.#..').#..'..#__#
#..)..#..)..#..'..+
#..#####'#####'#__#
#..####..#...#.####
#..#__####..##)#
#..#_____##'#_.+
#⌠⌠#_.∩...'..._#
####_..__##_.#+#
#_____###@# #######
#§# $.$ #$K$# ##.##
#+#


You could see Sonja.

Vanquished Creatures
  A slime creature (D)
  Sigmund (D)
  A yak (D)
  An ogre (D)
  A jelly (D)
  Ijyb (D)
6 creatures vanquished.

Notes
Turn   | Place    | Note
-------+----------+-------------------------------------------
     0 | D        | hikkokomori the Minotaur Berserker began the quest for the
                  | Orb.
     0 | D        | Reached XP level 1. HP: 19/19 MP: 0/0
     1 | D        | Noticed Ijyb
     8 | D        | Killed Ijyb
     9 | D        | Reached skill level 5 in Fighting
     9 | D        | Reached skill level 5 in Axes
     9 | D        | Reached XP level 2. HP: 30/30 MP: 1/1
    39 | D        | Noticed an ogre
    46 | D        | Killed an ogre
    47 | D        | Reached XP level 3. HP: 7/40 MP: 2/2
    47 | D        | Reached XP level 4. HP: 8/48 MP: 3/3
   191 | D        | Noticed Sigmund
   204 | D        | Killed Sigmund
   204 | D        | Reached ** piety under Trog
   205 | D        | Reached skill level 10 in Axes
   205 | D        | Reached skill level 5 in Armour
   205 | D        | Reached skill level 5 in Dodging
   205 | D        | Reached XP level 5. HP: 47/58 MP: 4/4
   205 | D        | Reached XP level 6. HP: 54/66 MP: 5/5
   268 | D        | Found a burning altar of Makhleb.
   268 | D        | Found a viscous altar of Jiyva.
   268 | D        | Found a shimmering altar of Xom.
   268 | D        | Found a corrupted altar of Lugonu.
   268 | D        | Noticed a slime creature
   276 | D        | Killed a slime creature
   279 | D        | Found an ornate altar of the Wu Jian Council.
   279 | D        | Found a shimmering blue altar of Sif Muna.
   281 | D        | Found a radiant altar of Vehumet.
   471 | D        | Found Cogor's General Store.
   471 | D        | Found an ancient bone altar of Kikubaaqudgha.
   471 | D        | Found a hazy altar of Hepliaklqana.
   471 | D        | Found a stormy altar of Qazlal.
   471 | D        | Found a hide-covered altar of Uskayaw.
   471 | D        | Found a blossoming altar of Fedhas.
   471 | D        | Found a bloodstained altar of Trog.
   471 | D        | Found an iron altar of Okawaru.
   471 | D        | Found a basalt altar of Yredelemnul.
   471 | D        | Found a glowing golden altar of the Shining One.
   471 | D        | Found a snail-covered altar of Cheibriados.
   471 | D        | Found a sacrificial altar of Ru.
   471 | D        | Found a glowing silver altar of Zin.
   471 | D        | Found a shadowy altar of Dithmenos.
   471 | D        | Found a white marble altar of Elyvilon.
   471 | D        | Noticed a yak
   481 | D        | Killed a yak
   482 | D        | Reached XP level 7. HP: 37/77 MP: 6/6
   605 | D        | Found an opulent altar of Gozag.
   606 | D        | Found a sparkling altar of Nemelex Xobeh.
   633 | D        | Noticed Sonja
   640 | D        | HP: 5/115 [poisoned by Sonja]
   640 | D        | Asphyxiated

Illustrated notes

Levels and vault maps discovered:
D:        dungeon_sprint_1 [red_sonja_temple_1, red_sonja_temple_small_1]

Skill      XL: |  1  2  3  4  5  6 |
---------------+-------------------+-----
Fighting       | 5 7 9 12 | 12.0
Axes           | 5 7 10 12 | 12.3
Armour         | 3 4 5 6 |  6.3
Dodging        | 3 5 6 |  6.3

Action                     |  1- 3 |  4- 6 |  7- 9 || total
---------------------------+-------+-------+-------++-------
  Melee: Hand axe          |    12 |    25 |     4 ||    41
         Headbutt          |     1 |     8 |       ||     9
         Punch             |       |     3 |       ||     3
 Invoke: Berserk           |     1 |     1 |     1 ||     3
         Trog's Hand       |       |       |     1 ||     1
  Dodge: Dodged            |     6 |    12 |     8 ||    26
